 Dungeon Crawl Stone Soup version 0.30-a0-394-g3e4acdb0ae (webtiles) character file.

Game seed: 16930703856623765430

27 qeuew the Trooper (level 3, -3/33 HPs)
             Began as a Hill Orc Fighter on Dec 6, 2022.
             Succumbed to a goblin's poison
             ... on level 1 of the Dungeon.
             The game lasted 00:00:57 (450 turns).

qeuew the Trooper (Hill Orc Fighter)                 Turns: 450, Time: 00:00:57

Health: -3/33      AC:  6    Str: 20    XL:     3   Next: 10%
Magic:  3/3        EV:  9    Int:  8    God:
Gold:   70         SH:  4    Dex: 10    Spells: 2/2 levels left

rFire   . . .      SeeInvis .    a - +0 war axe
rCold   . . .      Faith    .    c - +0 buckler
rNeg    . . .      Spirit   .    b - +0 scale mail
rPois   .          Reflect  .    (no helmet)
rElec   .          Harm     .    (no cloak)
rCorr   .          Rampage  .    (no gloves)
Will    .....                    (no boots)
Stlth   ..........               (no amulet)
HPRegen 0.25/turn                (no ring)
MPRegen 0.08/turn                (no ring)

@: lethally poisoned (-3 -> -25), hasted, very quick
A: no striking features
a: no special abilities


You were on level 1 of the Dungeon.
You visited 1 branch of the dungeon, and saw 1 of its levels.

You collected 70 gold pieces.

Inventory:

Hand Weapons
 a - a +0 war axe (weapon)
Armour
 b - a +0 scale mail (worn)
 c - a +0 buckler (worn)
Scrolls
 e - a scroll of poison {unknown}
 g - a scroll of identify {unknown}
Potions
 d - a potion of might


   Skills:
 + Level 3.9 Fighting
 * Level 3.3 Axes
 + Level 3.5 Armour
 + Level 0.6 Dodging
 + Level 3.5 Shields


You had 2 spell levels left.
You didn't know any spells.
Your spell library was empty.

Dungeon Overview and Level Annotations

Branches:
Dungeon (1/15)

Altars:


Message History

You block the goblin's attack.
You barely miss the goblin.
The goblin is heavily wounded.
The goblin hits you with a +0 dagger of venom.
You are poisoned.
The goblin hits you but does no damage.
You are more poisoned.
You closely miss the goblin.
The goblin is heavily wounded.
You feel very sick.
The goblin hits you with a +0 dagger of venom.
You are more poisoned.
You barely miss the goblin.
The goblin is heavily wounded.
You feel extremely sick.
The goblin hits you with a +0 dagger of venom.
You are lethally poisoned!
You are too injured to fight recklessly!
You are too injured to fight recklessly!
There is a lethal amount of poison in your body!
There is a lethal amount of poison in your body!
It was a potion of haste.
You feel yourself speed up.
You feel very sick.
The goblin hits you with a +0 dagger of venom.
You are more poisoned.
Okay, then.
You barely miss the goblin.
The goblin is heavily wounded.
* * * LOW HITPOINT WARNING * * *
You feel very sick. The goblin hits you but does no damage.
You are more poisoned.
You closely miss the goblin.
The goblin is heavily wounded.
* * * LOW HITPOINT WARNING * * *
You feel very sick. The goblin barely misses you.
You hit the goblin.
You kill the goblin!
You die...

##### ##...## ##.....## #...?...#
#.......# ### #....)..# ..#
###...@.# #### ..#
#######.......## ###≈≈≈
..###.....#........# #####..≈..
...#...............# #......≈≈≈
...................# ##.########
.....[............#####..# ##
.....................)...#######.
..................###.........##.
........>.........# #....####.#..


There were no monsters in sight!

Vanquished Creatures
  A ball python (D:1)
  2 bats (D:1)
  2 endoplasms (D:1)
  4 giant cockroaches (D:1)
  5 goblins (D:1)
  A hobgoblin (D:1)
  2 kobolds (D:1)
  2 quokkas (D:1)
  3 frilled lizards (D:1)
  2 rats (D:1)
24 creatures vanquished.

Notes
Turn   | Place    | Note
-------+----------+-------------------------------------------
     0 | D:1      | qeuew the Hill Orc Fighter began the quest for the Orb.
     0 | D:1      | Reached XP level 1. HP: 19/19 MP: 1/1
   171 | D:1      | Reached XP level 2. HP: 27/27 MP: 2/2
   227 | D:1      | Found a faded altar of an unknown god.
   338 | D:1      | Reached XP level 3. HP: 32/33 MP: 3/3
   450 | D:1      | Succumbed to a goblin's poison

Illustrated notes

Levels and vault maps discovered:
D:1:      dpeg_arrival_lava_temple_mockup, layout_rooms,
          shapermc_ecumenical_altar_mp_vishouse, chequers_serial_rivers_micro_d

Skill      XL: |  1 |
---------------+----+-----
Axes           | 3 |  3.3
Fighting       | |  3.9
Armour         | |  3.5
Dodging        | |  0.6
Shields        | |  3.5

Action                   || total
-------------------------++-------
Melee: War axe           ||    82
  Use: Potion            ||     1
Armor: Scale mail        ||    41
Dodge: Dodged            ||    47
Block: Buckler           ||    13

Table legend: (Time is in decaauts)
 A = Elapsed time spent in this place.
 B = Non-inter-level travel time spent in this place.
 C = Inter-level travel time spent in this place.
 D = Time resting spent in this place.
 E = Time spent auto-exploring this place.
 F = Levels seen in this place.
 G = Mean time per level.
                   A        B        C        D        E       F      G
               +--------+--------+--------+--------+--------+-----+--------+
         Total |    480 |    480 |      0 |      0 |    298 |   1 |  480.0 |
       Dungeon |    480 |    480 |      0 |      0 |    298 |   1 |  480.0 |
               +--------+--------+--------+--------+--------+-----+--------+

Top non-repeatable levels by time:
     D:1: 480 daAuts
